 Dungeon Crawl Stone Soup version 0.25.0-1-g7eea58d2a3 (webtiles) character file.

Game seed: 11006344133433515681

14 McIrco the Vexing (level 2, -2/19 HPs)
             Began as a Vampire Enchanter on June 14, 2020.
             Killed from afar by Natasha (8 damage)
             ... with a magic dart
             ... on level 2 of the Dungeon.
             The game lasted 00:00:49 (743 turns).

McIrco the Vexing (Vampire Enchanter)                Turns: 743, Time: 00:00:49

Health: -2/19      AC:  2    Str:  5    XL:     2   Next: 31%
Magic:  5/5        EV: 13    Int: 17    God:
Gold:   24         SH:  0    Dex: 16    Spells: 4/5 levels left

rFire    . . .     SeeInvis +   a - +1 dagger
rCold    . . .     Gourm    .   (no shield)
rNeg     . . .     Faith    .   b - +0 robe
rPois    .         Spirit   .   (no helmet)
rElec    .         Reflect  .   (no cloak)
rCorr    .         Harm     .   (no gloves)
MR       .....     Rnd*Tele +   (no boots)
Stlth    +++.......             (no amulet)
HPRegen  0.26/turn              (no ring)
MPRegen  0.09/turn              (no ring)

@: regenerating quickly
A: no food, fangs 3, see invisible, agile 1, teleportitis 1, weak 1, unbreathing
a: Exsanguinate


You were on level 2 of the Dungeon.
You were alive.

You visited 1 branch of the dungeon, and saw 2 of its levels.

You collected 24 gold pieces.

Inventory:

Hand Weapons
 a - a +1 dagger (weapon)
Armour
 b - a +0 robe (worn)
Scrolls
 d - a scroll of identify {unknown}
 e - a scroll of magic mapping {unknown}


   Skills:
 + Level 1.1 Short Blades
 + Level 2.2 Dodging
 + Level 4.9 Stealth
 * Level 2.0 Spellcasting
 * Level 5.0 Hexes


You had 4 spell levels left.
You knew the following spells:

 Your Spells              Type           Power        Failure   Level  Hunger
a - Corona                Hex            ###....      2%          1    N/A

Your spell library contained the following spells:

 Spells                   Type           Power        Failure   Level  Hunger
 Confusing Touch          Hex            ###.....     8%          3    N/A
 Tukima's Dance           Hex            ###.....     8%          3    N/A
 Ensorcelled Hibernation  Hex/Ice        ##....       11%         2    N/A
 Dazzling Flash           Conj/Hex       ##....       21%         3    N/A

Dungeon Overview and Level Annotations

Branches:
Dungeon (2/15)

Altars:

Annotations:
D:2 Natasha


Innate Abilities, Weirdness & Mutations

You do not eat.
Your natural rate of healing is unusually fast.
You have razor-sharp teeth.
You have supernaturally acute eyesight. (SInv)
You can survive without breathing.
You are agile. (Dex +2)
You are occasionally teleported next to monsters.
You are weak. (Str -2)


Message History

You hit Natasha. You bite Natasha, but do no damage.
Natasha is moderately wounded.
Natasha barely misses you.
You completely miss Natasha.
Natasha is moderately wounded.
Natasha closely misses you.
You hit Natasha. Your bite misses Natasha.
Natasha is heavily wounded.
Natasha completely misses you.
You closely miss Natasha. You bite Natasha, but do no damage.
Natasha is heavily wounded.
Natasha casts a spell.
It was a potion of mutation.
You feel extremely strange.
You feel weirdly uncertain.
You feel weaker.
You feel agile. Natasha closely misses you.
You hit Natasha but do no damage. Your bite misses Natasha.
Natasha is heavily wounded.
Natasha stares at you and mumbles some strange words.
The magic dart hits you!
You die...

.......# ##....#
#..<..#
.#####)#########.#
...................
....#######.#####.
.. ####.##....
#.†.........
#@##.##.##.#
#h#.... ..
.h...##.....
....... ....
.......# ...
......... .
#.........#
.######...#


You could see a hound and Natasha.

Vanquished Creatures
  A dart slug (D:1)
  A ball python (D:2)
  A hobgoblin (D:1)
  2 jackals (D:1)
  A kobold (D:2)
  2 bats (D:1)
  4 rats (D:1)
12 creatures vanquished.

Notes
Turn   | Place    | Note
-------+----------+-------------------------------------------
     0 | D:1      | McIrco the Vampire Enchanter began the quest for the Orb.
     0 | D:1      | Reached XP level 1. HP: 13/13 MP: 3/3
   541 | D:1      | Reached skill level 5 in Hexes
   541 | D:1      | Reached XP level 2. HP: 16/19 MP: 5/5
   729 | D:2      | Noticed Natasha
   742 | D:2      | Gained mutation: You are occasionally teleported next to
                  | monsters. [potion of mutation]
   742 | D:2      | Gained mutation: You are weak. (Str -2) [potion of
                  | mutation]
   742 | D:2      | Gained mutation: You are agile. (Dex +2) [potion of
                  | mutation]
   743 | D:2      | Killed from afar by Natasha

Illustrated notes

Levels and vault maps discovered:
D:1:      minmay_arrival_plants_in_alcoves, layout_basic,
          kennysheep_decorative_pillar, minmay_misc_feat_ornament
D:2:      layout_basic, tgw_trog, uniq_natasha

Skill      XL: |  1 |
---------------+----+-----
Hexes          | 5 |  5.0
Short Blades   | |  1.1
Dodging        | |  2.2
Stealth        | |  4.9
Spellcasting   | |  2.0

Action                   || total
-------------------------++-------
Melee: Dagger            ||    49
       Bite              ||     8
  Use: Potion            ||     1
 Stab: Sleeping          ||     3
Armor: Robe              ||     9
Dodge: Dodged            ||    23
